 Dungeon Crawl Stone Soup version 0.28-a0-178-ga708605c5b (webtiles) character file.

Game seed: 9839698560270423632

399 Spaninq the Ruffian (level 6, -7/61 HPs)
             Began as a Troll Warper on Aug 17, 2021.
             Was a Believer of Dithmenos.
             Mangled by an orc warrior (22 damage)
             ... on level 5 of the Dungeon.
             The game lasted 00:06:27 (2327 turns).

Spaninq the Ruffian (Troll Warper)                  Turns: 2327, Time: 00:06:28

Health: -7/61      AC:  4    Str: 22    XL:     6   Next: 53%
Magic:  6/6        EV:  9    Int:  9    God:    Dithmenos [**....]
Gold:   181        SH:  0    Dex:  9    Spells: 5/7 levels left

rFire   . . .      SeeInvis .     - Unarmed
rCold   . . .      Faith    .   (no shield)
rNeg    . . .      Spirit   .   a - +0 robe
rPois   .          Reflect  .   (helmet restricted)
rElec   .          Harm     .   (no cloak)
rCorr   .          Rampage  .   (gloves unavailable)
Will    .....                   (boots unavailable)
Stlth   +.........              (no amulet)
HPRegen 1.20/turn               (no ring)
MPRegen 0.10/turn               (no ring)

@: wreathed by umbra
A: large, unfitting armour, claws 3, regeneration 1, shaggy fur 1, tough skin 1
a: Renounce Religion, Shadow Step


You were on level 5 of the Dungeon.
You worshipped Dithmenos.
Dithmenos was pleased with you.
You visited 2 branches of the dungeon, and saw 8 of its levels.

You collected 181 gold pieces.

Inventory:

Missiles
 c - 5 boomerangs of dispersal
 f - 7 javelins
 h - 29 poisoned darts (quivered)
Armour
 a - a +0 robe (worn)
Jewellery
 p - a ring of fire
Wands
 g - a wand of flame (7)
 o - a wand of mindburst (17)
 r - a wand of paralysis (7)
Scrolls
 b - a scroll of blinking
 e - a scroll of magic mapping
 i - a scroll of holy word {unknown}
 j - a scroll of amnesia {unknown}
 k - a scroll of identify {unknown}
 l - a scroll of brand weapon {unknown}
 m - a scroll of enchant weapon {unknown}
 q - a scroll of teleportation {unknown}
Potions
 d - a potion of flight {unknown}
 n - a potion of might {unknown}


   Skills:
 + Level 3.2 Fighting
 + Level 2.3 Throwing
 - Level 1.9 Dodging
 * Level 5.5 Unarmed Combat
 - Level 1.2 Spellcasting
 - Level 2.1 Translocations


You had 5 spell levels left.
You knew the following spells:

 Your Spells              Type           Power      Damage    Failure   Level
a - Blink                 Tloc           N/A        N/A       22%         2

Your spell library contained the following spells:

 Spells                   Type           Power      Damage    Failure   Level
 Pain                     Necr           0%         1d4       36%         1
 Gell's Gravitas          Tloc           2%         N/A       41%         3
 Lesser Beckoning         Tloc           2%         N/A       41%         3
 Teleport Other           Tloc           4%         N/A       41%         3
 Manifold Assault         Tloc           4%         N/A       99%         5
 Agony                    Necr           0%         N/A       100%        5
 Excruciating Wounds      Necr           0%         N/A       100%        5


Dungeon Overview and Level Annotations

Branches:
Dungeon (7/15)             Temple (1/1) D:4

Altars:
Dithmenos
The Shining One


Innate Abilities, Weirdness & Mutations

You are too large for most types of armour.
You have claws for hands.
Your natural rate of healing is unusually fast.
You are covered in fur. (AC +1)
You have tough skin. (AC +1)


Message History

There is an open door here.
There is a stone staircase leading up here.
You climb upwards.
There is a stone staircase leading down here.
Found a scroll of blinking.
Found a stone staircase leading up.
r - a wand of paralysis (7)
You now have 181 gold pieces (gained 9).
A scorpion and an orc come into view.
Found 11 gold pieces.
An orc warrior comes into view. It is wielding a +0 battleaxe.
The orc warrior shouts!
The orc hits you with a +0 hand axe. The scorpion barely misses you.
An orc priest comes into view. It is wielding a +0 short sword.
The orc hits you with a +0 hand axe. The orc hits you but does no damage.
The orc priest invokes the aid of Beogh against you.
Pain shoots through your body!
Found 21 stones.
There is a stone staircase leading up here.
The scorpion stings you. The orc hits you with a +0 hand axe.
The scorpion barely misses you.
You climb upwards.
Found a mace.
There is a stone staircase leading down here.
You scratch the scorpion but do no damage.
The orc closely misses you.
The orc warrior hits you with a +0 battleaxe!
The scorpion barely misses you.
You claw the scorpion!
The scorpion is heavily wounded.
The orc hits you with a +0 hand axe.
The orc warrior hits you with a +0 battleaxe!!
* * * LOW HITPOINT WARNING * * *
The scorpion barely misses you.
You claw the scorpion!
You kill the scorpion!
Dithmenos accepts your kill. The orc hits you but does no damage.
The orc warrior hits you with a +0 battleaxe!!
You die...

# # .#
.. .#
.#
#.#..
...
#####.#
#..o@#
#.###o#
#.# .#
#


You could see an orc warrior and an orc.

Vanquished Creatures
  A sky beast (D:7)
  A phantom (D:4)
  A scorpion (D:5)
  A howler monkey (D:4)
  7 adders
  7 gnolls
  3 dart slugs
  2 orcs
  4 ball pythons
  7 bats
  4 endoplasms
  3 giant cockroaches
  6 goblins
  6 hobgoblins
  2 quokkas
  A frilled lizard (D:1)
  6 kobolds
  5 rats
67 creatures vanquished.

Notes
Turn   | Place    | Note
-------+----------+-------------------------------------------
     0 | D:1      | Spaninq the Troll Warper began the quest for the Orb.
     0 | D:1      | Reached XP level 1. HP: 19/19 MP: 1/1
   177 | D:1      | Reached XP level 2. HP: 28/28 MP: 2/2
   209 | D:1      | Learned a level 2 spell: Blink
   509 | D:1      | Reached skill level 3 in Unarmed Combat
   788 | D:2      | Reached XP level 3. HP: 30/35 MP: 3/3
   807 | D:2      | Found a faded altar of an unknown god.
   812 | D:2      | Became a worshipper of Dithmenos the Shadowed
   812 | D:2      | Reached * piety under Dithmenos
  1052 | D:2      | Reached XP level 4. HP: 44/44 MP: 4/4
  1391 | D:2      | Reached skill level 4 in Unarmed Combat
  1505 | D:3      | Reached skill level 1 in Throwing
  1667 | D:3      | Reached XP level 5. HP: 50/50 MP: 5/5
  1861 | D:3      | Reached ** piety under Dithmenos
  1961 | D:4      | Found a staircase to the Ecumenical Temple.
  1969 | Temple   | Entered the Ecumenical Temple
  2006 | D:4      | Found a glowing golden altar of the Shining One.
  2054 | D:4      | Noticed a phantom
  2091 | D:4      | Killed a phantom
  2092 | D:4      | Reached skill level 5 in Unarmed Combat
  2092 | D:4      | Reached XP level 6. HP: 18/61 MP: 6/6
  2096 | D:4      | You fall into a shaft and drop 3 floors!
  2179 | D:7      | Noticed a sky beast
  2195 | D:7      | Killed a sky beast
  2319 | D:6      | Noticed an orc warrior
  2324 | D:5      | Entered Level 5 of the Dungeon
  2327 | D:5      | Mangled by an orc warrior

Illustrated notes

Levels and vault maps discovered:
D:1:      dpeg_arrival_ternary, layout_loops_corners
D:2:      layout_rooms, shapermc_ecumenical_altar_petra, roderic_lattice_a
D:3:      layout_rooms
D:4:      layout_loops_ring, trog_wizard, cheibrodos_worm_habitat,
          tso_metal_star, minmay_temple_entry_glassed_door, enter_ossuary_1,
          nicolae_take_the_stairs
D:5:      layout_loops_ring, zin_treasury, hex_medium, minmay_manual_mail
D:6:      layout_cave_pools, mainiacjoe_overflow_tiny_flanked,
          kennysheep_generic_room_3
D:7:      layout_gridville, led_sif_pool, ebering_ghost_xom, uniq_duvessa
Temple:   regret_index_temple_generic_petals

Skill      XL: |  1  2  3  4  5 |
---------------+----------------+-----
Fighting       | 2 3 |  3.2
Unarmed Combat | 3 4 5 |  5.5
Throwing       | 1 2 |  2.3
Dodging        | |  1.9
Spellcasting   | |  1.2
Translocations | |  2.1

Action                   |  1- 3 |  4- 6 || total
-------------------------+-------+-------++-------
Melee: Unarmed           |    80 |   117 ||   197
       Punch             |     1 |     1 ||     2
Throw: Dart              |       |    27 ||    27
  Use: Scroll            |       |     1 ||     1
 Stab: Sleeping          |     1 |       ||     1
Armor: Robe              |    26 |    33 ||    59
Dodge: Dodged            |    31 |    66 ||    97

Table legend: (Time is in decaauts)
 A = Elapsed time spent in this place.
 B = Non-inter-level travel time spent in this place.
 C = Inter-level travel time spent in this place.
 D = Time resting spent in this place.
 E = Time spent auto-exploring this place.
 F = Levels seen in this place.
 G = Mean time per level.
                   A        B        C        D        E       F      G
               +--------+--------+--------+--------+--------+-----+--------+
         Total |   2310 |   2093 |    217 |      0 |   1449 |   8 |  288.8 |
       Dungeon |   2309 |   2092 |    217 |      0 |   1449 |   7 |  329.9 |
        Temple |      1 |      1 |      0 |      0 |      0 |   1 |    1.0 |
               +--------+--------+--------+--------+--------+-----+--------+

Top non-repeatable levels by time:
     D:1: 779 daAuts
     D:2: 687 daAuts
     D:3: 468 daAuts
     D:7: 210 daAuts
     D:4: 143 daAuts
     D:6: 17 daAuts
     D:5: 2 daAuts
  Temple: 1 daAuts
